 Dungeon Crawl Stone Soup version 0.29-a0-416-g83a48905f1 (webtiles) character file.

Game seed: 7642954892600390453

191 xian the Ruffian (level 5, -5/40 HPs)
             Began as a Draconian Transmuter on May 16, 2022.
             Was a Plaything of Xom.
             Killed from afar by an orc wizard (8 damage)
             ... with a magic dart
             ... on level 3 of the Dungeon.
             The game lasted 00:08:23 (2759 turns).

xian the Ruffian (Draconian Transmuter)             Turns: 2759, Time: 00:08:23

Health: -5/40      AC:  5    Str: 12    XL:     5   Next: 42%
Magic:  7/9        EV: 12    Int: 16    God:    Xom [......]
Gold:   253        SH:  0    Dex: 11    Spells: 6/9 levels left

rFire   . . .      SeeInvis .   f - +2 dagger (venom)
rCold   . . .      Faith    .   (no shield)
rNeg    + . .      Spirit   .   (body armour unavailable)
rPois   .          Reflect  .   (helmet currently unavailable)
rElec   .          Harm     .   (no cloak)
rCorr   +          Rampage  .   (no gloves)
Will    .....                   (boots currently unavailable)
Stlth   +.........              (no amulet)
HPRegen 0.13/turn               j - ring of positive energy
MPRegen 0.11/turn               p - ring of resist corrosion

@: lethally poisoned (-5 -> -22), appendages
A: horns 2, talons 2, AC +5, unfitting armour, cold-blooded
a: End Transformation, Renounce Religion


You were on level 3 of the Dungeon.
You worshipped Xom.
You were a very special plaything of Xom.
You had temporarily grown beastly horns and talons.
You visited 1 branch of the dungeon, and saw 3 of its levels.

You collected 253 gold pieces.

Inventory:

Hand Weapons
 f - a +2 dagger of venom (weapon)
Missiles
 r - 2 boomerangs of dispersal
Jewellery
 j - a ring of positive energy (left hand)
 p - a ring of resist corrosion (right hand)
Wands
 q - a wand of digging (3)
Scrolls
 b - a scroll of acquirement {unknown}
 c - a scroll of blinking {unknown}
 d - a scroll of silence {unknown}
 e - a scroll of amnesia
 i - 2 scrolls of identify {unknown}
 l - a scroll of teleportation {unknown}
 s - a scroll of summoning {unknown}
Potions
 a - a potion of lignification
 g - a potion of attraction {unknown}
 h - 2 potions of mutation {unknown}
 k - a potion of brilliance {unknown}
 m - a potion of resistance {unknown}
 n - a potion of berserk rage {unknown}
 o - 2 potions of degeneration {unknown}


   Skills:
 + Level 1.2 Fighting
 + Level 1.2 Short Blades
 + Level 2.9 Dodging
 + Level 1.1 Stealth
 + Level 4.1 Unarmed Combat
 + Level 2.7 Spellcasting
 + Level 2.7 Transmutations


You had 6 spell levels left.
You knew the following spells:

 Your Spells              Type           Power      Damage    Failure   Level
a - Beastly Appendage     Tmut           22%        N/A       6%          1
b - Wereblood             Tmut           11%        N/A       10%         2

Your spell library contained the following spells:

 Spells                   Type           Power      Damage    Failure   Level
 Spider Form              Tmut/Pois      6%         N/A       32%         3
 Ice Form                 Ice/Tmut       6%         N/A       71%         4


Dungeon Overview and Level Annotations

Branches:
Dungeon (3/15)

Altars:
Trog
Xom


Innate Abilities, Weirdness & Mutations

You have temporarily grown beastly horns and talons.
Your plain brown scales are hard. (AC +5)
You cannot fit into any form of body armour.
You are cold-blooded and may be slowed by cold attacks.


Message History

Something hits you but does no damage.
You are more poisoned.
Your magical contamination has completely faded away.
You closely miss something.
Your tail-slap misses something.
You feel very sick. Something hits you.
You hit something but do no damage. You headbutt something.
You feel very sick. Something hits you but does no damage.
You barely miss something. Your headbutt misses something.
You feel very sick. Something hits you.
You are more poisoned.
You miss something. Your kick misses something. Your headbutt misses something.
Your tail-slap misses something.
You feel very sick. Something hits you.
You are more poisoned.
You hit something but do no damage. You claw something.
You tail-slap something.
* * * LOW HITPOINT WARNING * * *
You feel very sick.
You hear some strange, mumbled words.
A puff of flame appears from out of thin air!
The puff of flame misses you.
As you read the scroll labelled CALEME UBUL, it crumbles to dust.
It is a scroll of amnesia.
Really abort (and waste the scroll)? [Y]es or [N]o only, please.
Really abort (and waste the scroll)?
Okay, then.
* * * LOW HITPOINT WARNING * * *
You feel very sick. Something hits you but does no damage.
You are more poisoned.
* * * LOW HITPOINT WARNING * * *
You feel very sick.
A magic dart appears from out of thin air!
The magic dart hits you!
You die...

#...##.#...##########.#.
######.##### #.## #.#
#.## #.##############.##
#>.................
###########........
#........ #############
#........ ...ooo{.@...#
#........ ###########.#
#........ #.# #........
#.# ###'##'##
#.#######.##...
#.........####.
########..##.#. #.....#.
#.###.##


You could see 3 orcs.

Vanquished Creatures
  2 orc priests (D:3)
  2 orc wizards (D:3)
  2 adders
  4 worms
  A dart slug (D:1)
  12 orcs (D:3)
  4 ball pythons
  A bat (D:1)
  An endoplasm (D:1)
  5 goblins
  A quokka (D:2)
  2 frilled lizards
  5 kobolds
  5 rats
47 creatures vanquished.

Notes
Turn   | Place    | Note
-------+----------+-------------------------------------------
     0 | D:1      | xian the Draconian Transmuter began the quest for the Orb.
     0 | D:1      | Reached XP level 1. HP: 16/16 MP: 3/3
   395 | D:1      | Reached XP level 2. HP: 21/23 MP: 3/5
   530 | D:1      | Found a faded altar of an unknown god.
   536 | D:1      | Prayed at the altar of an unknown god.
   536 | D:1      | Became a worshipper of Xom of Chaos
   805 | D:1      | XOM: cloud trail
  1173 | D:2      | Found a bloodstained altar of Trog.
  1419 | D:2      | Reached XP level 3. HP: 19/28 MP: 6/6
  1584 | D:2      | Learned a level 2 spell: Wereblood
  1705 | D:2      | XOM: torment (17/28 hp)
  2047 | D:3      | Reached XP level 4. HP: 29/35 MP: 4/7
  2056 | D:3      | Reached skill level 4 in Unarmed Combat
  2157 | D:3      | XOM: 1-stop teleportation journey
  2228 | D:3      | Reached skill level 1 in Stealth
  2228 | D:3      | Reached XP level 5. HP: 40/40 MP: 4/9
  2247 | D:3      | Reached skill level 1 in Short Blades
  2759 | D:3      | Killed from afar by an orc wizard

Illustrated notes

Levels and vault maps discovered:
D:1:      dpeg_arrival_tiny_i, layout_loops_ring,
          dreamdust_ecumenical_altar_angels_and_demons
D:2:      layout_basic, basic_altar
D:3:      layout_basic, nicolae_wormholes

Skill      XL: |  1  2  3  4  5 |
---------------+----------------+-----
Dodging        | 2 |  2.9
Unarmed Combat | 4 |  4.1
Stealth        | 1 |  1.1
Short Blades   | 1 |  1.2
Fighting       | |  1.2
Spellcasting   | |  2.7
Transmutations | |  2.7

Action                   |  1- 3 |  4- 6 || total
-------------------------+-------+-------++-------
Melee: Unarmed           |    30 |       ||    30
       Tailslap          |     9 |    10 ||    19
       Kick              |     6 |     6 ||    12
       Headbutt          |     3 |     9 ||    12
       Dagger            |    45 |    65 ||   110
 Cast: Beastly Appendage |    10 |     3 ||    13
       Wereblood         |     1 |     2 ||     3
  Use: Scroll            |       |     1 ||     1
 Stab: Sleeping          |     1 |       ||     1
Armor: Skin              |    35 |    18 ||    53
Dodge: Dodged            |    50 |    36 ||    86

Table legend: (Time is in decaauts)
 A = Elapsed time spent in this place.
 B = Non-inter-level travel time spent in this place.
 C = Inter-level travel time spent in this place.
 D = Time resting spent in this place.
 E = Time spent auto-exploring this place.
 F = Levels seen in this place.
 G = Mean time per level.
                   A        B        C        D        E       F      G
               +--------+--------+--------+--------+--------+-----+--------+
         Total |   2751 |   2669 |     82 |      0 |   2223 |   3 |  917.0 |
       Dungeon |   2751 |   2669 |     82 |      0 |   2223 |   3 |  917.0 |
               +--------+--------+--------+--------+--------+-----+--------+

Top non-repeatable levels by time:
     D:1: 988 daAuts
     D:2: 986 daAuts
     D:3: 776 daAuts
